 Dungeon Crawl Stone Soup version 0.32-a0-842-gbbb8fdbe59 (webtiles) character file.

Game seed: 14810994979673819668

5242031 Amplified the Conqueror (level 26, 266/266 HPs)
             Began as a Minotaur Fighter on Mar 16, 2024.
             Was an Initiate of Gozag.
             Escaped with the Orb
             ... and 5 runes
             ... and 9 gems (2 intact) on Mar 27, 2024!
             The game lasted 02:15:23 (45594 turns).

Amplified the Conqueror (Minotaur Fighter)         Turns: 45594, Time: 02:15:24

Health: 266/266    AC: 36    Str: 26    XL:     26   Next: 76%
Magic:  28/28      EV: 20    Int:  7    God:    Gozag
Gold:   1646       SH: 24    Dex: 15    Spells: 45/45 levels left

rFire   + + +        i - +18 lance "Wyrmbane" {slay drac, rPois rF+ rC+ AC+3}
rCold   + + +        H - +5 kite shield "Mosuicy" {rElec rF+ rN++ Will-}
rNeg    + + +        S - +6 scale mail of Tartarus {^Drain Will+ Str+3}
rPois   +            C - +2 hat
rElec   +            x - +2 cloak
rCorr   +            J - +3 pair of gauntlets of War {Slay+5}
SInv    .            F - +0 pair of boots of the Game of Life {rPois rC++ Regen+ Str-3}
Will    +....        R - amulet of Pamoemm {Reflect Rampage Str-5 Dex+3 Slay+5 SH+5} Stlth
                     m - ring of Pecrenta {rPois rF+ rN+ Str-2}
HPRegen 2.24/turn    Z - ring of the Ladybird {Fly rCorr Str+6}
MPRegen 0.21/turn

%: reflection, rampage
@: gold aura, flying, studying 4 skills
A: horns 2, retaliatory headbutt, clumsy 1, low MP 2, regeneration 1, wild magic
1, persistent drain
0: Orb of Zot
}: 5/15 runes: decaying, serpentine, slimy, silver, abyssal
a: Renounce Religion, Potion Petition, Call Merchant, Bribe Branch


You escaped.
You worshipped Gozag.
Gozag was most pleased with you.
You visited 12 branches of the dungeon, and saw 56 of its levels.
You visited the Abyss 2 times.
You also visited: Ossuary, Bailey, Ice Cave and Wizlab.

You collected 31669 gold pieces.
You spent 11997 gold pieces at shops.
You paid 18026 gold pieces to Gozag.

Inventory:

Hand Weapons
 i - the +18 lance "Wyrmbane" (weapon) {slay drac, rPois rF+ rC+ AC+3}
   (You took it off a vault guard on level 5 of the Vaults)

   AC+3:      It affects your AC (+3).
   rF+:       It protects you from fire.
   rC+:       It protects you from cold.
   rPois:     It protects you from poison.
 P - the +9 war axe of the Shimmering Seer {elec, rElec rC++ MP+9 Str+2}
   (You found it on level 11 of the Dungeon)

   Str+2:     It affects your strength (+2).
   rC++:      It greatly protects you from cold.
   rElec:     It insulates you from electricity.
   MP+9:      It affects your magic capacity (+9).
Missiles
 c - 16 curare-tipped darts (quivered)
 y - 4 silver javelins
 E - 3 throwing nets
Armour
 u - the +2 shield of Resistance {rF++ rC++ Will++}
   (You acquired it on level 4 of the Vaults)

   rF++:      It greatly protects you from fire.
   rC++:      It greatly protects you from cold.
   Will++:    It greatly increases your willpower.
 x - a +2 cloak (worn)
 B - the +5 Storm Queen's Shield {shock, Fly rElec}
   (You bought it in a shop on level 9 of the Dungeon)

   Shock:     When it blocks an attack, it may electrocute the attacker.
   This works even against foes who are a short distance away.
   rElec:     It insulates you from electricity.
   Fly:       It grants you flight.
 C - a +2 hat (worn)
 F - the +0 pair of boots of the Game of Life (worn) {rPois rC++ Regen+ Str-3}
   (You bought it in a shop on level 9 of the Dungeon)

   Str-3:     It affects your strength (-3).
   rC++:      It greatly protects you from cold.
   rPois:     It protects you from poison.
   Regen+:    It increases your rate of health regeneration.
 G - the +0 pair of gloves of Jigsaw {Rampage rF+ rC- Will++}
   (You bought it in a shop on level 9 of the Dungeon)

   rF+:       It protects you from fire.
   rC-:       It makes you vulnerable to cold.
   Will++:    It greatly increases your willpower.
   Rampage:   It bestows one free step when moving towards enemies.
 H - the +5 kite shield "Mosuicy" (worn) {rElec rF+ rN++ Will-}
   (You bought it in a shop on level 1 of the Vaults)

   rF+:       It protects you from fire.
   rElec:     It insulates you from electricity.
   rN++:      It greatly protects you from negative energy.
   Will-:     It decreases your willpower.
 J - the +3 pair of gauntlets of War (worn) {Slay+5}
   (You bought it in a shop on level 15 of the Dungeon)

   Slay+5:    It affects your accuracy & damage with ranged weapons and melee
   (+5).
 S - the +6 scale mail of Tartarus (worn) {^Drain Will+ Str+3}
   (You bought it in a shop on level 15 of the Dungeon)

   Str+3:     It affects your strength (+3).
   Will+:     It increases your willpower.
   ^Drain:    It drains your maximum health when unequipped.
Jewellery
 m - the ring of Pecrenta (left hand) {rPois rF+ rN+ Str-2}
   (You found it on level 2 of the Crypt)

   [ring of poison resistance]

   Str-2:     It affects your strength (-2).
   rF+:       It protects you from fire.
   rPois:     It protects you from poison.
   rN+:       It protects you from negative energy.
 t - the ring "Zeohupem" {rF+ Dex+5}
   (You found it in an ice cave)

   [ring of protection from fire]

   Dex+5:     It affects your dexterity (+5).
   rF+:       It protects you from fire.
 z - the ring "Poemiph" {rC+ rN+}
   (You found it on level 5 of the Pits of Slime)

   [ring of positive energy]

   rC+:       It protects you from cold.
   rN+:       It protects you from negative energy.
 I - the ring of Discretion {rCorr EV+5}
   (You acquired it on level 10 of the Dungeon)

   [ring of evasion]

   EV+5:      It affects your evasion (+5).
   rCorr:     It protects you from acid and corrosion.
 R - the amulet of Pamoemm (around neck) {Reflect Rampage Str-5 Dex+3 Slay+5 SH+5}
   (You bought it in a shop on level 2 of the Orcish Mines)

   [amulet of reflection]

   Reflect:   It reflects blocked missile attacks.
   Str-5:     It affects your strength (-5).
   Dex+3:     It affects your dexterity (+3).
   Slay+5:    It affects your accuracy & damage with ranged weapons and melee
   (+5).
   SH+5:      It affects your SH (+5).
   Rampage:   It bestows one free step when moving towards enemies.
 V - the ring of Eskiydy {rN+ Will+ AC+4 Str-4 Dex+2}
   (You took it off a naga on level 4 of the Snake Pit)

   [ring of protection]

   AC+4:      It affects your AC (+4).
   Str-4:     It affects your strength (-4).
   Dex+2:     It affects your dexterity (+2).
   rN+:       It protects you from negative energy.
   Will+:     It increases your willpower.
 X - the ring of Moderation {rElec rC+ Str+2}
   (You found it on level 2 of the Crypt)

   [ring of protection from cold]

   Str+2:     It affects your strength (+2).
   rC+:       It protects you from cold.
   rElec:     It insulates you from electricity.
 Z - the ring of the Ladybird (right hand) {Fly rCorr Str+6}
   (You found it in a wizard's laboratory)

   [ring of strength]

   Str+6:     It affects your strength (+6).
   Fly:       It grants you flight.
   rCorr:     It protects you from acid and corrosion.
Wands
 g - a wand of light (10)
 j - a wand of warping (4)
 M - a wand of digging (12)
 N - a wand of mindburst (28)
 O - a wand of paralysis (56)
Scrolls
 a - 11 scrolls of immolation
 e - 17 scrolls of teleportation
 k - 2 scrolls of silence
 o - 3 scrolls of butterflies
 q - a scroll of fog
 r - 10 scrolls of poison
 A - 2 scrolls of enchant weapon
 K - 6 scrolls of fear
 L - 33 scrolls of identify
 T - 2 scrolls of amnesia
Potions
 b - 3 potions of resistance
 d - 10 potions of heal wounds
 f - 2 potions of cancellation
 h - 4 potions of magic
 l - 23 potions of curing
 s - 11 potions of mutation
 D - 3 potions of brilliance
 W - a potion of might
 Y - 4 potions of enlightenment
Miscellaneous
 w - a condenser vane
 Q - a lightning rod (4/4)
 U - a phantom mirror


   Skills:
 O Level 27 Fighting
 - Level 19.3(20.7) Axes
 - Level 13.3(17.9) Maces & Flails
 O Level 27 Armour
 - Level 21.9 Dodging
 - Level 17.4 Shields
 * Level 10.3 Spellcasting
 * Level 8.5 Conjurations
 * Level 8.5 Translocations
 - Level 12.5 Ice Magic
 * Level 13.2 Evocations


You had 45 spell levels left.
You didn't know any spells.
Your spell library contained the following spells:

 Spells                   Type           Power      Damage    Failure   Level
 Apportation              Tloc           40%        N/A       1%          1
 Magic Dart               Conj           80%        1d7       1%          1
 Lesser Beckoning         Tloc           40%        N/A       2%          2
 Searing Ray              Conj           40%        2d5       2%          2
 Hailstorm                Conj/Ice       23%        3d7       2%          3
 Gell's Gravitas          Tloc           20%        N/A       4%          3
 Teleport Other           Tloc           20%        N/A       4%          3
 Ensorcelled Hibernation  Hex/Ice        32%        N/A       6%          2
 Foxfire                  Conj/Fire      48%        2x1d6     9%          1
 Kiss of Death            Conj/Necr      48%        2d9       9%          1
 Sting                    Conj/Alch      48%        1d6       9%          1
 Summon Ice Beast         Ice/Summ       16%        N/A       11%         3
 Static Discharge         Conj/Air       24%        3-4/arc   13%         2
 Iskenderun's Mystic Bla  Conj/Tloc      20%        2d6       14%         4
 Dazzling Flash           Conj/Hex       24%        N/A       22%         3
 Volatile Blastmotes      Fire/Tloc      24%        2d12      22%         3
 Iskenderun's Battlesphe  Conj           20%        2d7       34%         5
 Mephitic Cloud           Conj/Alch/Air  9%         N/A       36%         3
 Necrotise                Necr           16%        1d4       41%         1
 Slow                     Hex            16%        N/A       41%         1
 Summon Small Mammal      Summ           16%        N/A       41%         1
 Call Imp                 Summ           8%         N/A       52%         2
 Cigotuvi's Dreadful Rot  Necr/Alch/Air  8%         N/A       52%         2
 Mercury Vapours          Alch/Air       8%         N/A       52%         2
 Scorch                   Fire           8%         2d5       52%         2
 Sublimation of Blood     Necr           4%         N/A       52%         2
 Freezing Cloud           Conj/Ice/Air   8%         6-21      52%         5
 Brom's Barrelling Bould  Conj/Erth      12%        2d4       56%         4
 Flame Wave               Conj/Fire      12%        2d6       56%         4
 Fulminant Prism          Conj/Alch      6%         3d7       56%         4
 Vhi's Electric Charge    Tloc/Air       24%        N/A       56%         4
 Metabolic Englaciation   Hex/Ice        8%         N/A       63%         5
 Call Canine Familiar     Summ           4%         N/A       75%         3
 Confusing Touch          Hex            4%         N/A       75%         3
 Fugue of the Fallen      Necr           4%         N/A       75%         3
 Vampiric Draining        Necr           4%         2d6       75%         3
 Arcjolt                  Conj/Air       6%         1d16      88%         5
 Fireball                 Conj/Fire      6%         3d5       88%         5
 Irradiate                Conj/Alch      6%         3d13      88%         5
 Summon Forest            Summ/Tloc      6%         N/A       88%         5
 Ozocubu's Refrigeration  Ice            13%        4d10      88%         7
 Airstrike                Air            2%         2d(1-17)  98%         4
 Anguish                  Hex/Necr       2%         N/A       98%         4
 Animate Armour           Summ/Erth      8%         N/A       98%         4
 Cause Fear               Hex            2%         N/A       98%         4
 Dispel Undead            Necr           4%         3d7       98%         4
 Leda's Liquefaction      Alch/Erth      2%         N/A       98%         4
 Martyr's Knell           Necr/Summ      4%         N/A       98%         4
 Olgreb's Toxic Radiance  Alch           4%         N/A       98%         4
 Petrify                  Alch/Erth      4%         N/A       98%         4
 Summon Blazeheart Golem  Fire/Summ      4%         N/A       98%         4
 Summon Lightning Spire   Summ/Air       4%         N/A       98%         4
 Permafrost Eruption      Ice/Erth       8%         2x4d4     99%         6
 Sculpt Simulacrum        Ice/Alch       8%         N/A       99%         6
 Alistair's Intoxication  Alch           2%         N/A       100%        5
 Borgnjor's Vile Clutch   Necr/Erth      2%         N/A       100%        5
 Curse of Agony           Necr           4%         N/A       100%        5
 Lee's Rapid Deconstruct  Erth           2%         3d4*      100%        5
 Silence                  Hex/Air        2%         N/A       100%        5
 Summon Mana Viper        Hex/Summ       4%         N/A       100%        5
 Bombard                  Conj/Erth      6%         9d2       100%        6
 Conjure Ball Lightning   Conj/Air       6%         3x3d6     100%        6
 Death Channel            Necr           2%         N/A       100%        6
 Eringya's Noxious Bog    Alch           2%         4d6       100%        6
 Starburst                Conj/Fire      6%         6d4       100%        6
 Summon Cactus Giant      Summ           2%         N/A       100%        6
 Enfeeble                 Hex            2%         N/A       100%        7
 Haunt                    Necr/Summ      2%         N/A       100%        7
 Malign Gateway           Summ/Tloc      6%         N/A       100%        7
 Orb of Destruction       Conj           10%        9d6       100%        7
 Summon Hydra             Summ           2%         N/A       100%        7
 Discord                  Hex            2%         N/A       100%        8
 Infestation              Necr           2%         N/A       100%        8
 Lehudib's Crystal Spear  Conj/Erth      6%         10d3      100%        8
 Maxwell's Capacitive Co  Air            2%         ∞         100%        8
 Summon Horrible Things   Summ           2%         N/A       100%        8
 Chain Lightning          Conj/Air       6%         3d8       100%        9
 Fire Storm               Conj/Fire      6%         8d2       100%        9
 Shatter                  Erth           2%         3d6*      100%        9
 Animate Dead             Necr           Unusable   N/A       N/A         4

Dungeon Overview and Level Annotations

Branches:
Dungeon (15/15)            Temple (1/1) D:4            Lair (5/5) D:8
  Swamp (4/4) Lair:2        Snake (4/4) Lair:2        Slime (5/5) Lair:5
    Orc (2/2) D:12            Elf (3/3) Orc:2        Vaults (5/5) D:14
  Crypt (3/3) Vaults:3       Tomb (0/3) Crypt:3      Depths (4/4) D:15
    Zot (5/5) Depths:4    Ossuary (visited)          Bailey (visited)
  IceCv (visited)          WizLab (visited)

Altars:
Ashenzari
Cheibriados
Dithmenos
Elyvilon
Fedhas
Gozag
Hepliaklqana
Kikubaaqudgha
Makhleb
Nemelex Xobeh
Okawaru
Qazlal
Ru
Sif Muna
Trog
Uskayaw
Vehumet
Wu Jian
Xom
Yredelemnul
Zin
The Shining One
Beogh
Jiyva

Shops:
D:7 (   D:9 [   D:12 [(   D:13 *   D:15 [?!=!   Orc:1 !(!   Orc:2 [(==
Elf:3 *   Snake:2 ?   Snake:3 !   Snake:4 *[*?*   Vaults:1 ([*?(   Depths:1 *

Portals:
Hell: Depths:2 Depths:3
Abyss: Depths:4
Pandemonium: Depths:4

Annotations:
D:11 2 transporters, temujin's ghost, journeyman DECj
Vaults:3 Go crypt, Try early vaults later, BRIBE!
Depths:2 Asterion


Innate Abilities, Weirdness & Mutations

You have a pair of horns on your head.
You reflexively headbutt those who attack you in melee.
You are clumsy. (Dex -2)
Your magical capacity is very low. (-20% MP)
Your natural rate of healing is unusually fast.
Your spells are a little harder to cast, but a little more powerful.
Your health recovers twice as slowly from being drained.


Message History

No target in view!
You now have 1630 gold pieces (gained 5).
You see here a +0 dagger.
Aiming: Dig
Press: ? - help, Shift-Dir - straight line A rock wall.
This square is covered in magical glow.
The rock shatters into small pieces.
An Orb Guardian comes into view.
The Orb Guardian moves out of view.
You reach down and open the door.
There is an open door here.
The Orb Guardian hits you but does no damage.
You puncture the Orb Guardian!
The Orb Guardian is lightly wounded.
You puncture the Orb Guardian!
The Orb Guardian is moderately wounded.
You block the Orb Guardian's attack.
You barely miss the Orb Guardian.
The Orb Guardian is moderately wounded.
You block the Orb Guardian's attack.
You hit the Orb Guardian but do no damage.
You headbutt the Orb Guardian!
The Orb Guardian is heavily wounded.
The Orb Guardian hits you but does no damage.
You puncture the Orb Guardian! You headbutt the Orb Guardian!
The Orb Guardian is almost dead.
You block the Orb Guardian's attack.
You completely miss the Orb Guardian.
The Orb Guardian is almost dead.
The Orb Guardian barely misses you. You furiously retaliate!
You headbutt the Orb Guardian! You impale the Orb Guardian!!
You kill the Orb Guardian!
You feel your intelligence returning.
No target in view!
You now have 1646 gold pieces (gained 16).
There is an open door here.
There is a staircase leading out of the dungeon here.
You have escaped!

#X# #.# #.# #.# #.# #.# #.#
###########.# #.# #######.#
#...........# #.# ........##
#.....####### #.# ########.##
#####.# #.# ##.## #.# #.#
##.## #### #.# ##.## #@# #.#
##.###.### #.# ##..'.'.# #.#
###.###.### #÷#
#.'#+.'#'.#######.# ###
##.###.###.#.......#
..#########..##.(.##...#######
#...............#.######
########..........#


There were no monsters in sight!

Vanquished Creatures
  the Royal Jelly (Slime:5)
  Frederick (Crypt:3)
  2 dread liches (Crypt:3)
  4 ancient liches
  2 orbs of fire (Zot:5)
  Mara (Snake:3)
  A juggernaut (Depths:2)
  2 Killer Klowns (Zot:5)
  Saint Roka (Depths:2)
  Bai Suzhen (Depths:2)
  Vashnia (Snake:2)
  Nikola (Swamp:4)
  10 bone dragons
  9 golden dragons
  A shard shrike zombie (Abyss:4)
  6 tentacled monstrosities
  Rupert (D:12)
  A Hell Sentinel (D:10)
  A hellephant (Abyss:4)
  A shard shrike skeleton (Abyss:4)
  17 Orb Guardians
  A moon troll (WizLab)
  A walking earthen tome (Depths:3)
  Mlioglotl (Snake:3)
  6 liches
  7 titans (Vaults:5)
  5 ancient champions
  2 deep elf master archers (Elf:3)
  2 deep elf blademasters (Elf:3)
  19 tentacled starspawn
  4 sphinxes
  16 acid blobs
  2 Executioners
  2 death cobs
  The ghost of Kenran the Tortoise, an adept MiIE of Uskayaw (Snake:3)
  7 shadow dragons
  3 storm dragons
  6 tengu reavers
  9 nagarajas
  Aizul (Swamp:3)
  6 fire giants
  3 revenants
  7 protean progenitors
  12 rockslimes
  10 azure jellies
  7 draconian knights
  9 deep elf sorcerers
  7 draconian monks
  4 frost giants
  19 vault wardens
  2 draconian shifters
  Louise (Snake:1)
  5 draconian scorchers
  8 deep elf elementalists
  3 curse skulls
  6 cacodemons
  4 ghost moths
  3 orc warlords
  A draconian stormcaller (Zot:3)
  A juggernaut zombie (Abyss:4)
  15 ironbound preservers
  5 formless jellyfish
  6 ghouls
  A spriggan defender (D:15)
  6 balrugs
  An angel (Abyss:4)
  3 draconian annihilators
  12 stone giants
  6 quicksilver oozes (Slime:5)
  8 ironbound thunderhulks
  7 black draconians
  18 very ugly things
  10 vampire knights
  A lorocyproca (D:12)
  11 green draconians
  10 deep elf death magi
  9 deep elf demonologists
  7 deep elf annihilators
  Nessos (Lair:4)
  4 bunyips
  6 eleionomae
  9 white draconians
  9 war gargoyles
  7 red draconians
  4 spark wasps (Depths:2)
  7 dire elephants
  7 purple draconians
  4 yellow draconians
  8 eidola
  18 jiangshi
  Snorg (D:14)
  3 ettins
  3 blizzard demons
  A shambling mangrove (Swamp:3)
  2 deep elf high priests (Elf:3)
  2 entropy weavers (Vaults:1)
  8 great orbs of eyes
  4 fire dragons
  Josephine (D:11)
  2 spriggan zombies (Abyss:4)
  13 yaktaur captains
  40 vault guards
  Fannar (D:10)
  6 rakshasas
  5 spriggan air magi
  7 anacondas
  2 catoblepae (Abyss:4)
  An ogre mage (Vaults:5)
  11 hydras
  5 peacekeepers
  2 jorogumos (Zot:1)
  10 ice dragons
  3 salamander tyrants (Snake:4)
  7 ghost crabs
  8 boulder beetles
  13 two-headed ogres
  4 ironbound frosthearts
  14 centaur warriors
  7 alligators
  14 dancing weapons
  2 spriggan skeletons
  2 deep troll earth magi
  2 death knights
  2 satyrs (Zot:1)
  A sphinx skeleton (Vaults:1)
  3 spriggan berserkers
  2 deep troll shamans
  5 tengu warriors
  17 thrashing horrors
  4 shock serpents
  8 vampire magi
  15 death yaks
  9 hell knights
  3 sun demons (Abyss:1)
  Urug (D:14)
  A demonic crawler (Abyss:2)
  3 orc high priests
  9 naga sharpshooters
  3 soul eaters
  12 deep elf knights
  3 occultists
  13 wretched stars
  15 naga warriors
  2 shadow wraiths (Abyss:4)
  2 spectral death yaks (Lair:5)
  An iron troll (Depths:4)
  A skyshark (Lair:5)
  7 salamander mystics
  A death drake (Abyss:4)
  7 skeletal warriors
  A death drake (shapeshifter) (Vaults:5)
  7 sixfirhies
  A spectral anaconda (Lair:5)
  6 arcanists
  6 flayed ghosts
  A spectral bunyip (Swamp:4)
  3 spriggan druids
  28 large abominations
  A tengu zombie (Depths:1)
  A mana viper (shapeshifter) (Depths:1)
  A storm dragon skeleton (Crypt:2)
  12 mana vipers
  12 glowing orange brains
  An iron giant zombie (Crypt:1)
  6 swamp dragons
  5 naga ritualists
  6 orb spiders
  30 deep trolls
  8 bog bodies
  10 goliath frogs
  7 deep elf archers
  5 obsidian bats
  2 obsidian statues
  3 spectral hydras (Swamp:4)
  3 bunyip skeletons
  4 spectral alligators (Swamp:4)
  2 orange crystal statues
  18 ironbound convokers
  17 deep elf pyromancers
  9 orc knights
  5 thermic dynamos
  A harpy (Vaults:1)
  17 deep elf zephyrmancers
  4 lindwurms (Vaults:1)
  10 necromancers
  14 phantasmal warriors
  4 orc sorcerers
  4 manticores
  4 shining eyes
  A frost giant zombie (Depths:1)
  A wolf spider (shapeshifter) (Vaults:5)
  7 will-o-the-wisps
  39 ugly things
  An alligator zombie (Swamp:4)
  6 cyclopes
  9 worldbinders
  A fire giant zombie (Depths:1)
  14 moths of wrath
  A meliai (shapeshifter) (D:15)
  A rust devil (Abyss:1)
  A frost giant skeleton (Vaults:5)
  34 salamanders
  44 slime creatures
  22 vault sentinels
  5 kobold blastminers
  A dire elephant zombie (Lair:5)
  10 smoke demons
  32 black mambas
  33 elephants
  6 guardian serpents
  9 cane toads
  Joseph (D:7)
  3 orange demons
  12 eyes of devastation
  9 storm dragon simulacra (IceCv)
  3 apocalypse crabs
  11 naga magi
  A purple draconian zombie (Crypt:2)
  A hellion (D:15)
  4 swamp worm zombies (Swamp:4)
  5 freezing wraiths
  6 komodo dragons
  Maggie (D:8)
  An elf zombie (Vaults:1)
  An unseen horror (D:10)
  50 yaktaurs
  4 efreet
  2 dire elephant skeletons
  9 catoblepas skeletons (Abyss:4)
  A purple draconian skeleton (Crypt:2)
  6 golden dragon simulacra (IceCv)
  A hydra zombie (Swamp:4)
  A minotaur skeleton (Crypt:2)
  6 tengu conjurers
  5 ancient zymes (Abyss:4)
  4 trolls
  A red devil (Zot:5)
  A queen bee (shapeshifter) (D:13)
  2 human skeletons
  7 hornets
  2 hellwings
  13 tyrant leeches
  4 bloated husks
  A polar bear (Lair:4)
  3 glass eyes
  A blink frog (shapeshifter) (Elf:1)
  Grinder (D:4)
  10 dream sheep (Lair:5)
  A harpy skeleton (Abyss:4)
  A spectral swamp dragon (Swamp:4)
  Prince Ribbit (D:8)
  2 ettin zombies
  37 raiju
  14 blink frogs
  A frost giant simulacrum (Vaults:5)
  A jumping spider zombie (Crypt:1)
  3 air elementals
  3 shadows
  A centaur simulacrum (D:15)
  17 wraiths
  A satyr skeleton (Crypt:3)
  4 spriggans
  20 small abominations
  A water elemental (Elf:1)
  A wyvern (Lair:4)
  7 ynoxinuls
  16 humans (D:14)
  7 basilisks
  6 tyrant leech zombies (Swamp:4)
  9 golden eyes
  3 steam dragons
  4 vampires
  A redback (Vaults:1)
  A black mamba skeleton (Crypt:3)
  90 yaks
  Grum (D:9)
  11 wargs (Orc:2)
  9 vampire mosquitoes
  10 neqoxecs
  12 swamp worms
  A death yak simulacrum (Lair:5)
  7 chaos spawn
  28 nagas
  2 swamp worms (shapeshifter)
  A spatial vortex (Abyss:4)
  A hydra simulacrum (Abyss:2)
  10 water moccasins
  30 orc warriors
  A meliai simulacrum (D:14)
  A water nymph skeleton (Crypt:3)
  A black bear (shapeshifter) (Abyss:1)
  A glowing shapeshifter skeleton (Vaults:5)
  A naga skeleton (Abyss:4)
  2 ice dragon simulacra (IceCv)
  2 sky beasts
  2 swamp drakes
  29 laughing skulls
  3 black bears
  6 swamp dragon zombies (Swamp:4)
  An ice beast (D:8)
  8 ogres
  13 wolves
  An elephant zombie (Lair:5)
  An elephant skeleton (Lair:5)
  A hog zombie (Crypt:3)
  23 centaurs
  A blink frog skeleton (Crypt:1)
  2 phantoms
  7 kobold brigands
  3 weeping skulls
  2 gnoll sergeants
  A brain worm (Abyss:1)
  16 bullfrogs
  3 scorpions
  2 cane toad simulacra (Lair:5)
  10 earth elementals
  An elf skeleton (Crypt:3)
  A hornet simulacrum (D:12)
  2 burial acolytes (Ossuary)
  6 killer bees (D:10)
  4 lindwurm simulacra (IceCv)
  3 elephant simulacra (Lair:5)
  2 electric eels (D:8)
  4 howler monkeys
  A crimson imp (Abyss:1)
  3 jellies
  2 quasits
  2 centaur zombies
  4 human zombies
  9 hounds
  Crazy Yiuf (D:7)
  A bombardier beetle (D:4)
  A gnoll bouda (D:7)
  14 orc priests
  3 iron imps
  2 sleepcaps
  36 starcursed masses
  37 orc wizards
  Terence (D:3)
  5 iguanas
  An ogre skeleton (Crypt:2)
  6 hound zombies (Ossuary)
  2 mummies (Ossuary)
  17 gnolls
  11 adders
  A steam dragon skeleton (Crypt:1)
  2 shadow imps
  6 white imps
  7 ufetubi
  5 dart slugs
  3 ribbon worms
  95 orcs
  9 endoplasms
  2 giant cockroaches (D:2)
  5 gnoll zombies (Ossuary)
  5 goblins
  9 hobgoblins
  3 jackals (D:4)
  2 quokkas
  4 ball pythons
  2 bats (D:3)
  3 frilled lizards
  A gnoll skeleton (Crypt:2)
  A goblin zombie (Crypt:3)
  21 kobolds
  5 orc zombies (Ossuary)
  5 rats
  A butterfly (D:4)
  3 lurking horrors
  23 starspawn tentacles
2530 creatures vanquished.

Vanquished Creatures (collateral kills)
  A golden dragon (Zot:5)
  An electric golem (Zot:5)
  8 Orb Guardians (Zot:5)
  A storm dragon (Zot:5)
  A draconian scorcher (Zot:5)
  A ghost moth (Zot:5)
  A red draconian (Zot:5)
14 creatures vanquished.

Vanquished Creatures (others)
  A dread lich (Zot:5)
  An orb of fire (Zot:5)
  A pandemonium lord (Zot:5)
  2 Killer Klowns (Zot:5)
  A profane servitor (Abyss:4)
  2 liches (Zot:5)
  An Orb Guardian (Zot:5)
  A death cob (Zot:5)
  A shadow dragon (Zot:5)
  A draconian knight (Zot:5)
  A reaper (Zot:5)
  A very ugly thing (Abyss:1)
  A red draconian (Zot:5)
  A large abomination (Abyss:4)
  A deep elf zephyrmancer (Elf:1)
  A moth of wrath (Zot:5)
  6 bloated husks
  A spriggan (Swamp:4)
  A neqoxec (Zot:5)
  A vampire mosquito (Swamp:3)
  5 phantoms (Swamp:4)
  A naga simulacrum (Abyss:4)
  26 foxfires
  3 lurking horrors (Abyss:4)
  39 starspawn tentacles
101 creatures vanquished.

Grand Total: 2645 creatures vanquished

Notes
Turn   | Place    | Note
-------+----------+-------------------------------------------
     0 | D:1      | Amplified the Minotaur Fighter began the quest for the Orb.
     0 | D:1      | Reached XP level 1. HP: 19/19 MP: 0/0
   380 | D:1      | Reached XP level 2. HP: 27/27 MP: 1/1
   842 | D:2      | Reached XP level 3. HP: 32/33 MP: 2/2
   884 | D:2      | Gained mutation: Your magical capacity is low. (-10% MP)
                  | [potion of mutation]
   884 | D:2      | Gained mutation: Your natural rate of healing is unusually
                  | fast. [potion of mutation]
   906 | D:2      | Found an ancient bone altar of Kikubaaqudgha.
  1182 | D:3      | Reached XP level 4. HP: 40/40 MP: 2/2
  1380 | D:3      | Found a shimmering altar of Xom.
  1569 | D:3      | Reached skill level 5 in Shields
  1589 | D:3      | Identified the +4 whip "Meihie" {freeze, Dex+2}
  1692 | D:3      | Reached XP level 5. HP: 46/47 MP: 3/3
  1771 | D:3      | Noticed Terence
  1774 | D:3      | Killed Terence
  1936 | D:4      | Found a staircase to the Ecumenical Temple.
  1950 | Temple   | Entered the Ecumenical Temple
  1971 | Temple   | Became a worshipper of Gozag Ym Sagoz the Greedy
  2026 | D:4      | Reached skill level 5 in Fighting
  2026 | D:4      | Reached skill level 5 in Maces & Flails
  2026 | D:4      | Reached XP level 6. HP: 51/56 MP: 4/4
  2241 | D:4      | Found a sand-covered staircase.
  2245 | D:4      | Noticed Grinder
  2249 | D:4      | Killed Grinder
  2250 | D:4      | Reached XP level 7. HP: 61/61 MP: 5/5
  2273 | Ossuary  | Entered an ossuary
  2335 | Ossuary  | Found an ancient bone altar of Kikubaaqudgha.
  2821 | D:4      | Reached XP level 8. HP: 58/70 MP: 6/6
  2986 | D:5      | Entered Level 5 of the Dungeon
  3742 | D:6      | Found a glowing silver altar of Zin.
  3744 | D:6      | Found an ancient bone altar of Kikubaaqudgha.
  3832 | D:6      | Found a bloodstained altar of Trog.
  4013 | D:6      | Reached XP level 9. HP: 57/80 MP: 7/7
  4139 | D:7      | Upgraded the game from 0.32-a0-720-g1d96ad090f to
                  | 0.32-a0-818-gb728d0252e
  4169 | D:7      | Reached skill level 10 in Maces & Flails
  4213 | D:7      | Found a snail-covered altar of Cheibriados.
  4234 | D:7      | Noticed Joseph
  4246 | D:7      | Killed Joseph
  4301 | D:7      | Found a runed translucent door.
  4980 | D:7      | Found a burning altar of Makhleb.
  5069 | D:7      | Noticed Crazy Yiuf
  5159 | D:7      | Killed Crazy Yiuf
  5248 | D:8      | Reached XP level 10. HP: 84/92 MP: 8/8
  5286 | D:8      | Noticed Maggie
  5301 | D:8      | Killed Maggie
  5340 | D:8      | Noticed Prince Ribbit
  5380 | D:8      | Reached skill level 10 in Fighting
  5393 | D:8      | Killed Prince Ribbit
  5427 | D:8      | Found a staircase to the Lair.
  5538 | D:8      | Reached skill level 1 in Dodging
  5664 | D:8      | Reached skill level 5 in Armour
  5933 | D:9      | Noticed a two-headed ogre
  5951 | D:9      | Killed a two-headed ogre
  5952 | D:9      | Reached skill level 5 in Dodging
  5952 | D:9      | Reached XP level 11. HP: 89/102 MP: 8/8
  6031 | D:9      | Paralysed by a hornet for 3 turns
  6190 | D:9      | Found a flagged portal.
  6272 | D:9      | Bought the +5 Storm Queen's Shield {shock, Fly rElec} for
                  | 638 gold pieces
  6272 | D:9      | Found the +5 Storm Queen's Shield {shock, Fly rElec}
  6286 | Bailey   | Entered a bailey
  6388 | Bailey   | Noticed an orc knight
  6425 | Bailey   | Killed an orc knight
  6441 | Bailey   | Found a burning altar of Makhleb.
  6447 | Bailey   | Identified the +5 trident of Axtud {freeze, rN+ Will+ Int-3
                  | Dex+2}
  6599 | D:9      | Reached skill level 10 in Shields
  6647 | D:9      | Noticed Grum
  6659 | D:9      | Killed Grum
  6661 | D:9      | Noticed a two-headed ogre
  6673 | D:9      | Killed a two-headed ogre
  6832 | D:9      | Found a hide-covered altar of Uskayaw.
  6936 | D:9      | Found a glowing golden altar of the Shining One.
  7064 | D:9      | Noticed a two-headed ogre
  7073 | D:9      | Killed a two-headed ogre
  7074 | D:9      | Reached XP level 12. HP: 113/113 MP: 9/9
  7120 | D:9      | Noticed a two-headed ogre
  7126 | D:9      | Killed a two-headed ogre
  7191 | D:9      | Bought the +0 pair of boots of the Game of Life {rPois rC++
                  | Regen+ Str-3} for 376 gold pieces
  7201 | D:9      | Bought the +0 pair of gloves of Jigsaw {Rampage rF+ rC-
                  | Will++} for 357 gold pieces
  7224 | D:10     | Entered Level 10 of the Dungeon
  7350 | D:10     | Noticed a two-headed ogre
  7359 | D:10     | Killed a two-headed ogre
  7378 | D:10     | Identified a scroll of acquirement
  7378 | D:10     | Acquired the ring of Discretion {rCorr EV+5}
  7519 | D:10     | Noticed Fannar
  7554 | D:10     | Killed Fannar
  7861 | D:11     | Noticed a two-headed ogre
  7865 | D:11     | Found a transporter.
  7865 | D:11     | Noticed a sphinx
  7868 | D:11     | Noticed temujin's ghost (journeyman DECj)
  8159 | D:11     | Noticed Josephine
  8167 | D:11     | Killed Josephine
  8372 | D:11     | Found a transporter.
  8378 | D:11     | Identified the +9 war axe of the Shimmering Seer {elec,
                  | rElec rC++ MP+9 Str+2}
  8781 | D:12     | Found Ofics's Armour Boutique.
  8783 | D:12     | Found a staircase to the Orcish Mines.
  8784 | D:12     | Found Tuvvuney's Weapon Boutique.
  8793 | D:12     | Reached skill level 1 in Axes
  8975 | D:12     | Noticed a two-headed ogre
  8978 | D:12     | Noticed Rupert
  8981 | D:12     | Killed a two-headed ogre
  8993 | D:12     | Killed Rupert
  9069 | D:12     | Noticed a two-headed ogre
  9074 | D:12     | Killed a two-headed ogre
  9446 | D:12     | Reached XP level 13. HP: 124/124 MP: 10/10
  9578 | D:13     | Reached skill level 5 in Axes
  9718 | D:14     | Noticed Urug
  9718 | D:14     | Found a gate to the Vaults.
  9747 | D:14     | Reached skill level 15 in Shields
  9764 | D:15     | Entered Level 15 of the Dungeon
  9887 | D:15     | Noticed a fire giant
  9923 | D:15     | Killed a fire giant
  9971 | D:15     | Found a staircase to the Depths.
  9978 | D:15     | Got a smoky gem with 93 turns to spare
 10075 | D:15     | Lost the smoky gem through the power of Zot.
 10087 | D:15     | Reached skill level 15 in Fighting
 10353 | D:15     | Found a shadowy altar of Dithmenos.
 10804 | D:15     | Reached XP level 14. HP: 135/135 MP: 11/11
 11107 | D:14     | Reached skill level 10 in Axes
 11188 | D:14     | Noticed Snorg
 11196 | D:14     | Killed Snorg
 11813 | D:14     | Killed Urug
 11891 | D:14     | Found a bloodstained altar of Trog.
 12117 | D:15     | Bought the +3 pair of gauntlets of War {Slay+5} for 1615
                  | gold pieces
 12117 | D:15     | Found the +3 pair of gauntlets of War {Slay+5}
 12255 | Orc:1    | Entered Level 1 of the Orcish Mines
 12255 | Orc:1    | Found Gedeit's Distillery.
 12311 | Orc:1    | Bought a potion of heal wounds for 50 gold pieces
 12311 | Orc:1    | Bought a potion of curing for 30 gold pieces
 12311 | Orc:1    | Bought a potion of enlightenment for 50 gold pieces
 12460 | Orc:2    | Entered Level 2 of the Orcish Mines
 12654 | Orc:2    | Found a staircase to the Elven Halls.
 12823 | Orc:2    | Noticed an orc warlord
 12860 | Orc:2    | Killed an orc warlord
 12977 | Orc:2    | Found Jomipn's Antique Armour Shoppe.
 12978 | Orc:2    | Found a roughly hewn altar of Beogh.
 12979 | Orc:2    | Found Xarr's Antique Weapon Emporium.
 13110 | Orc:2    | Found a roughly hewn altar of Beogh.
 13243 | Orc:2    | Found a roughly hewn altar of Beogh.
 13244 | Orc:2    | Found Hajirr's Jewellery Boutique.
 13268 | Orc:2    | Bought an amulet of regeneration for 390 gold pieces
 13295 | Orc:2    | Found a roughly hewn altar of Beogh.
 13296 | Orc:2    | Found Rugiom Neryl's Jewellery Shop.
 13330 | Orc:2    | Bought the amulet of Pamoemm {Reflect Rampage Str-5 Dex+3
                  | Slay+5 SH+5} for 860 gold pieces
 13491 | Orc:2    | Found a roughly hewn altar of Beogh.
 13631 | Orc:2    | Found a roughly hewn altar of Beogh.
 13776 | Orc:1    | Noticed an orc warlord
 13782 | Orc:1    | Killed an orc warlord
 13882 | Orc:1    | Found Meidyth's Distillery.
 13890 | Orc:1    | Bought a potion of heal wounds for 80 gold pieces
 14129 | D:15     | Bought a warped scale mail for 306 gold pieces
 14129 | D:15     | Identified the +6 scale mail of Tartarus {^Drain Will+
                  | Str+3} (You bought it in a shop on level 15 of the Dungeon)
 14324 | Orc:1    | Found Cenavepuy's Weapon Emporium.
 14334 | Orc:1    | Found Isiviq's Weapon Emporium.
 14486 | Orc:1    | Bought a potion of resistance for 100 gold pieces
 14556 | Lair:1   | Entered Level 1 of the Lair of Beasts
 14639 | Lair:1   | Reached XP level 15. HP: 143/143 MP: 12/12
 14640 | Lair:1   | Reached skill level 15 in Axes
 14977 | Lair:4   | Noticed Nessos
 14991 | Lair:4   | Killed Nessos
 15242 | Lair:5   | Entered Level 5 of the Lair of Beasts
 15288 | Lair:5   | Found a staircase to the Slime Pits.
 15323 | Lair:5   | Found a viscous altar of Jiyva.
 15873 | Lair:5   | Got an earthy gem with 2488 turns to spare
 17150 | Lair:3   | Reached XP level 16. HP: 144/151 MP: 13/13
 17777 | Lair:2   | Found a staircase to the Swamp.
 18321 | Lair:2   | Found a staircase to the Snake Pit.
 18395 | Lair:2   | Lost the earthy gem through the power of Zot.
 18452 | Snake:1  | Entered Level 1 of the Snake Pit
 18486 | Snake:1  | Reached skill level 10 in Armour
 18780 | Snake:3  | Noticed Mlioglotl
 18796 | Snake:3  | Killed Mlioglotl
 18841 | Snake:3  | Found Onuq's Distillery.
 18848 | Snake:3  | Bought a potion of heal wounds for 75 gold pieces
 18848 | Snake:3  | Bought 2 potions of curing for 90 gold pieces
 18848 | Snake:3  | Bought a potion of curing for 45 gold pieces
 18848 | Snake:3  | Bought a potion of might for 60 gold pieces
 18992 | Snake:3  | Found a runed translucent gate.
 19028 | Snake:4  | Entered Level 4 of the Snake Pit
 19098 | Snake:4  | Reached skill level 10 in Dodging
 19141 | Snake:4  | Found Lupsezon's General Store.
 19148 | Snake:4  | Bought a phantom mirror for 560 gold pieces
 19148 | Snake:4  | Bought a scroll of teleportation for 42 gold pieces
 19292 | Snake:4  | Reached XP level 17. HP: 161/163 MP: 14/14
 19450 | Snake:4  | Got a serpentine rune of Zot
 19453 | Snake:4  | Got a jade gem with 1457 turns to spare
 19528 | Snake:4  | Found Onnuigo's Assorted Antiques.
 19581 | Snake:4  | Identified the ring of Eskiydy {rN+ Will+ AC+4 Str-4 Dex+2}
 19593 | Snake:4  | Bought a scroll of revelation for 270 gold pieces
 19606 | Snake:4  | Found Hosmiek's Magic Scroll Emporium.
 19615 | Snake:4  | Bought 2 scrolls of blinking for 255 gold pieces
 19615 | Snake:4  | Bought a scroll of teleportation for 51 gold pieces
 19615 | Snake:4  | Bought a scroll of revelation for 127 gold pieces
 19615 | Snake:4  | Bought a scroll of revelation for 127 gold pieces
 19615 | Snake:4  | Bought a scroll of revelation for 127 gold pieces
 19882 | Snake:4  | Found Hievynam's Armour Emporium.
 19899 | Snake:4  | Found Fareib's General Store.
 20304 | Snake:3  | Noticed Mara
 20322 | Snake:3  | Killed Mara
 20346 | Snake:3  | Found a runed translucent gate.
 20346 | Snake:3  | Found a runed translucent gate.
 20634 | Snake:3  | Noticed Kenran's ghost (adept MiIE)
 20652 | Snake:3  | Killed Kenran's ghost
 20930 | Snake:2  | Found Usuaj's Assorted Antiques.
 20932 | Snake:2  | Found Ympyimid's Magic Scroll Shoppe.
 20936 | Snake:2  | Lost the jade gem through the power of Zot.
 20940 | Snake:2  | Bought a scroll of teleportation for 54 gold pieces
 20940 | Snake:2  | Bought a scroll of teleportation for 54 gold pieces
 20940 | Snake:2  | Bought a scroll of teleportation for 54 gold pieces
 20940 | Snake:2  | Bought a scroll of fog for 72 gold pieces
 20940 | Snake:2  | Bought a scroll of enchant weapon for 135 gold pieces
 21051 | Snake:2  | Noticed Vashnia
 21063 | Snake:2  | Killed Vashnia
 21334 | Snake:1  | Identified the orb of Minor Irritation {*Rage, rPois rF++}
 21450 | Snake:1  | Noticed Louise
 21466 | Snake:1  | Killed Louise
 22052 | Swamp:1  | Entered Level 1 of the Swamp
 22253 | Swamp:4  | Entered Level 4 of the Swamp
 22272 | Swamp:4  | Reached XP level 18. HP: 154/176 MP: 15/15
 22507 | Swamp:4  | Reached skill level 15 in Armour
 22508 | Swamp:4  | Noticed a bone dragon
 22524 | Swamp:4  | Killed a bone dragon
 22588 | Swamp:4  | Got a mossy gem with 1307 turns to spare
 22590 | Swamp:4  | Got a decaying rune of Zot
 22690 | Swamp:4  | Got Wizarding, Part Five
 23030 | Swamp:4  | Noticed Nikola
 23046 | Swamp:4  | Killed Nikola
 23092 | Swamp:3  | Identified the serpent talisman "Anoiquej" {rCorr Int+2}
 23092 | Swamp:3  | Noticed Aizul
 23104 | Swamp:3  | Killed Aizul
 23925 | Swamp:2  | Lost the mossy gem through the power of Zot.
 25541 | D:13     | Found Zoyn's General Store.
 25549 | D:13     | Bought a potion of haste for 160 gold pieces
 25850 | Vaults:1 | Entered Level 1 of the Vaults
 25872 | Vaults:1 | Found a magical portal.
 25879 | WizLab   | Entered Lehudib's Moon Base
 25926 | WizLab   | Found a transporter.
 26176 | WizLab   | Reached skill level 15 in Dodging
 26205 | WizLab   | Reached XP level 19. HP: 188/188 MP: 16/16
 26234 | WizLab   | Acquired a manual of Armour
 26915 | WizLab   | Found a transporter.
 27191 | WizLab   | Got Lehudib's Incunabulum of the Violent Syncline
 27220 | WizLab   | Got the Precepts of the Spider
 27221 | WizLab   | Identified the +8 chain mail of the Spheres {*Corrode rN++}
 27223 | WizLab   | Identified the ring of the Ladybird {Fly rCorr Str+6}
 27416 | Vaults:1 | Upgraded the game from 0.32-a0-818-gb728d0252e to
                  | 0.32-a0-837-g8d3e27d251
 27656 | Vaults:1 | Found Gionteaq's Armour Shop.
 27724 | Vaults:1 | Found Rasom's Antique Weapon Boutique.
 27770 | Vaults:1 | Found Dyikopt's Assorted Antiques.
 27779 | Vaults:1 | Bought a crude kite shield for 323 gold pieces
 27779 | Vaults:1 | Identified the +5 kite shield "Mosuicy" {rElec rF+ rN++
                  | Will-} (You bought it in a shop on level 1 of the Vaults)
 27779 | Vaults:1 | Bought a scroll of enchant weapon for 255 gold pieces
 27779 | Vaults:1 | Bought a scroll of revelation for 255 gold pieces
 28137 | Vaults:3 | Found a staircase to the Crypt.
 28137 | Vaults:3 | Found an ancient bone altar of Kikubaaqudgha.
 28138 | Vaults:3 | Found a basalt altar of Yredelemnul.
 28158 | Crypt:1  | Entered Level 1 of the Crypt
 28204 | Crypt:1  | Reached XP level 20. HP: 195/201 MP: 17/17
 28621 | Crypt:2  | Found a transporter.
 28699 | Crypt:2  | Found a transporter.
 28717 | Crypt:2  | Noticed an ancient lich
 28731 | Crypt:2  | Killed an ancient lich
 28761 | Crypt:2  | Gained mutation: You occasionally lose the ability to read
                  | scrolls when taking damage. [a cacodemon]
 28810 | Crypt:2  | Paralysed by something for 5 turns
 28887 | Crypt:2  | Identified the ring of Pecrenta {rPois rF+ rN+ Str-2}
 28908 | Crypt:2  | Identified the ring of Moderation {rElec rC+ Str+2}
 28927 | Crypt:2  | Identified the ring "Elloissiqau" {^Drain rC+ EV+5 Str+3}
 29161 | Crypt:3  | Entered Level 3 of the Crypt
 29175 | Crypt:3  | Identified the orb of the Fiend {light, Conj}
 29175 | Crypt:3  | Noticed Frederick
 29206 | Crypt:3  | Killed Frederick
 29229 | Crypt:3  | Found a staircase to the Tomb.
 29271 | Crypt:3  | Noticed a bone dragon
 29286 | Crypt:3  | Killed a bone dragon
 29582 | Crypt:3  | Found the +8 demon blade "Leech" {evervamp, Harm ^Drain
                  | rN+}
 29737 | Crypt:3  | Noticed a dread lich
 29737 | Crypt:3  | Noticed an ancient lich
 29757 | Crypt:3  | Killed a dread lich
 29759 | Crypt:3  | Killed an ancient lich
 29773 | Crypt:3  | Noticed a dread lich
 29773 | Crypt:3  | Noticed an ancient lich
 29789 | Crypt:3  | Paralysed by something for 5 turns
 29796 | Crypt:3  | Killed a dread lich
 29798 | Crypt:3  | Killed an ancient lich
 29815 | Crypt:3  | Got an ivory gem with 251 turns to spare
 29816 | Crypt:3  | Identified the +5 glaive of Equivalence {holy, Will+ Str+4}
 29932 | Crypt:2  | Upgraded the game from 0.32-a0-837-g8d3e27d251 to
                  | 0.32-a0-842-gbbb8fdbe59
 29937 | Crypt:2  | Acquired a manual of Ice Magic
 30074 | Crypt:2  | Lost the ivory gem through the power of Zot.
 30164 | Crypt:2  | Reached skill level 1 in Ice Magic
 30363 | Crypt:2  | Found a burning altar of Makhleb.
 30367 | Crypt:2  | Reached XP level 21. HP: 213/213 MP: 17/17
 31308 | Vaults:4 | Reached skill level 5 in Ice Magic
 31338 | Vaults:5 | Entered Level 5 of the Vaults
 31794 | Vaults:5 | Noticed a golden dragon
 31810 | Vaults:5 | Killed a golden dragon
 31876 | Vaults:5 | Identified the +1 chain mail of Liberalism {Str-2 Int+4}
 31876 | Vaults:5 | Identified the +8 arbalest of the Manifold Xalams {elec,
                  | rElec Int+2}
 31990 | Vaults:5 | Identified the +8 sling "Gifid" {flame, Fly rElec Str+2}
 31990 | Vaults:5 | Identified the +7 rapier of Intuition {venom, rPois rN+++
                  | Str-2 Dex+2}
 32036 | Vaults:5 | Got the Cyclopedia of Posthumous Vapour
 32047 | Vaults:5 | Got Sif Muna's Book of Tinctures
 32188 | Vaults:5 | Reached XP level 22. HP: 221/222 MP: 18/18
 32516 | Vaults:5 | Identified the +1 morningstar of the Orcish Mines {heavy,
                  | rC- Int+5}
 32767 | Vaults:5 | Got a silver rune of Zot
 32769 | Vaults:5 | Got a shining gem with 1158 turns to spare
 33369 | Vaults:4 | Acquired the +2 shield of Resistance {rF++ rC++ Will++}
 33369 | Vaults:4 | Found the +2 shield of Resistance {rF++ rC++ Will++}
 33613 | Vaults:2 | Reached skill level 10 in Ice Magic
 33848 | Vaults:1 | Found Macoaf's Weapon Shoppe.
 33985 | Vaults:1 | Found Gac Zidu's Magic Scroll Boutique.
 33992 | Vaults:1 | Bought a scroll of fear for 60 gold pieces
 33992 | Vaults:1 | Bought a scroll of enchant weapon for 112 gold pieces
 33992 | Vaults:1 | Bought a scroll of blinking for 112 gold pieces
 33992 | Vaults:1 | Bought a scroll of revelation for 112 gold pieces
 33992 | Vaults:1 | Bought a scroll of silence for 142 gold pieces
 34045 | Vaults:1 | Lost the shining gem through the power of Zot.
 34267 | Elf:1    | Entered Level 1 of the Elven Halls
 34342 | Elf:3    | Entered Level 3 of the Elven Halls
 34348 | Elf:3    | Paralysed by an air elemental for 1 turns
 34363 | Elf:3    | Reached skill level 27 in Fighting
 34384 | Elf:3    | Found Riuc Doaj's General Store.
 34414 | Elf:3    | Found a glacial archway.
 34455 | IceCv    | Entered an ice cave
 34662 | IceCv    | Noticed a golden dragon
 34676 | IceCv    | Killed a golden dragon
 34694 | IceCv    | Identified the ring "Zeohupem" {rF+ Dex+5}
 34982 | Elf:3    | Reached XP level 23. HP: 184/240 MP: 19/19
 35202 | Elf:3    | Got a shimmering gem with 1308 turns to spare
 35213 | Elf:3    | Identified the +0 robe of Hospitality {Harm +Blink rC++
                  | Stlth-}
 35226 | Elf:3    | Identified the ring "Juritot" {Fly rF+ Will- Str+5}
 35229 | Elf:3    | Identified the ring "Jeruzyag" {*Corrode rF+ rC+ Dex+4}
 35243 | Elf:3    | Identified the ring of Iqin {Will+ Str+3 Int-4}
 35288 | Elf:3    | Identified the +1 plate armour of the Valley {Dex+3 Stlth-}
 35297 | Elf:3    | Identified the staff "Newtbane" {rPois rF- rN+ Summ Necro}
 35334 | Elf:3    | Identified the +1 sling "Giantbane" {heavy, MP+9}
 35444 | Elf:3    | Found a runed translucent door.
 35449 | Elf:3    | Found a hide-covered altar of Uskayaw.
 35797 | Elf:1    | Paralysed by an air elemental for 1 turns
 36265 | D:15     | Bought a potion of mutation for 104 gold pieces
 36265 | D:15     | Bought a potion of curing for 39 gold pieces
 36265 | D:15     | Bought a potion of mutation for 104 gold pieces
 36265 | D:15     | Bought a potion of cancellation for 104 gold pieces
 36265 | D:15     | Bought a potion of cancellation for 104 gold pieces
 36270 | Depths:1 | Entered Level 1 of the Depths
 36313 | Depths:1 | Found a broken altar of Ashenzari.
 36447 | Depths:2 | Noticed Bai Suzhen
 36452 | Depths:2 | Killed Bai Suzhen
 36518 | Depths:2 | Noticed Saint Roka
 36558 | Depths:2 | Killed Saint Roka
 36598 | Depths:2 | Reached skill level 27 in Armour
 36628 | Depths:2 | Found a gateway to Hell.
 36630 | Depths:2 | You are sucked into a shaft and drop 1 floor!
 36692 | Depths:4 | Entered Level 4 of the Depths
 36704 | Depths:4 | Found a one-way gate to the infinite horrors of the Abyss.
 36720 | Depths:4 | Voluntarily entered the Abyss.
 36720 | Abyss:1  | Found a corrupted altar of Lugonu.
 36801 | Abyss:1  | Reached skill level 1 in Evocations
 36827 | Abyss:1  | Reached skill level 1 in Spellcasting
 37456 | Abyss:1  | Gained mutation: You are weak. (Str -2) [a neqoxec]
 37551 | Abyss:1  | Found an iron altar of Okawaru.
 37698 | Depths:4 | Escaped the Abyss
 37700 | Depths:4 | Voluntarily entered the Abyss.
 37794 | Abyss:1  | Reached XP level 24. HP: 249/249 MP: 23/23
 37853 | Abyss:1  | Found a corrupted altar of Lugonu.
 37905 | Abyss:1  | Found a corrupted altar of Lugonu.
 38369 | Abyss:2  | Reached skill level 5 in Evocations
 38711 | Abyss:2  | Noticed an ancient lich
 38722 | Abyss:2  | Killed an ancient lich
 39147 | Abyss:4  | Reached skill level 5 in Spellcasting
 39291 | Abyss:4  | Paralysed by an apocalypse crab for 1 turns
 39527 | Abyss:4  | Found an opulent altar of Gozag.
 39541 | Abyss:4  | Found an opulent altar of Gozag.
 39900 | Abyss:4  | Got an abyssal rune of Zot
 40154 | Abyss:5  | Paralysed by accursed screaming for 1 turns
 40227 | Depths:4 | Escaped the Abyss
 40269 | Depths:4 | Found a one-way gate leading to the halls of Pandemonium.
 40320 | Depths:4 | Reached XP level 25. HP: 189/257 MP: 28/28
 40419 | Depths:4 | Found a gate to the Realm of Zot.
 40424 | Depths:4 | Got a midnight gem with 2474 turns to spare
 40609 | Depths:2 | Noticed a juggernaut
 40611 | Depths:2 | Noticed a juggernaut
 40624 | Depths:2 | Killed a juggernaut
 40997 | Slime:1  | Entered Level 1 of the Pits of Slime
 41187 | Slime:2  | Reached skill level 10 in Evocations
 41249 | Slime:5  | Entered Level 5 of the Pits of Slime
 41377 | Slime:5  | Gained mutation: Your health recovers twice as slowly from
                  | being drained. [a shining eye]
 41378 | Slime:5  | Gained mutation: You are clumsy. (Dex -2) [a shining eye]
 41543 | Slime:5  | Noticed the Royal Jelly
 41561 | Slime:5  | Found a viscous altar of Jiyva.
 41571 | Slime:5  | Found the ring of the Octopus King
 41573 | Slime:5  | Found the +8 Wrath of Trog {antimagic, *Rage Rampage}
 41612 | Slime:5  | Killed the Royal Jelly
 41633 | Slime:5  | Got a starry gem with 100 turns to spare
 41635 | Slime:5  | Got a slimy rune of Zot
 41733 | Slime:5  | Got the Handbook of Support and Flame
 41743 | Slime:5  | Identified the +4 spear "Sudi" {flame, Will+ rCorr Dex+4
                  | SInv}
 41746 | Slime:5  | Identified the staff of Lugonu {^Fragile rElec Hexes Tloc
                  | Fire Air}
 41759 | Slime:5  | Identified a ring of the Octopus King {rF+ HP+2 AC+2 EV+2
                  | SH+2}
 41774 | Slime:5  | Identified the ring "Poemiph" {rC+ rN+}
 41774 | Slime:5  | Lost the starry gem through the power of Zot.
 41780 | Slime:5  | Identified the +1 helmet "Dawemud" {+Blink Regen+}
 42187 | D:15     | Bought a potion of haste for 180 gold pieces
 42187 | D:15     | Bought a potion of curing for 54 gold pieces
 42187 | D:15     | Bought a potion of ambrosia for 144 gold pieces
 42190 | D:15     | Bought a scroll of fog for 80 gold pieces
 42190 | D:15     | Bought a scroll of enchant armour for 150 gold pieces
 42190 | D:15     | Bought a scroll of silence for 190 gold pieces
 42211 | Depths:1 | Found Sywuyng's Demolitions Depot.
 42226 | Depths:1 | Bought a manual of Conjurations for 1040 gold pieces
 42226 | Depths:1 | Bought a wand of paralysis (6) for 187 gold pieces
 42226 | Depths:1 | Bought a wand of paralysis (5) for 156 gold pieces
 42226 | Depths:1 | Bought a book of Annihilations for 780 gold pieces
 42307 | Depths:3 | Identified the +2 demon blade of Uzathruw {venom, Str+6}
 42408 | Zot:1    | Entered Level 1 of the Realm of Zot
 42440 | Zot:1    | Lost mutation: You occasionally lose the ability to read
                  | scrolls when taking damage. [potion of mutation]
 42440 | Zot:1    | Lost mutation: You are weak. (Str -2) [potion of mutation]
 42440 | Zot:1    | Gained mutation: Your spells are a little harder to cast,
                  | but a little more powerful. [potion of mutation]
 42807 | Zot:1    | Reached skill level 1 in Conjurations
 42807 | Zot:1    | Reached skill level 1 in Translocations
 43367 | Zot:2    | Identified the +0 plate armour of the Will of the Gods
                  | {Str+2}
 43434 | Zot:2    | Reached XP level 26. HP: 266/266 MP: 31/31
 43638 | Zot:3    | Reached skill level 5 in Conjurations
 43638 | Zot:3    | Reached skill level 5 in Translocations
 44121 | Zot:5    | Entered Level 5 of the Realm of Zot
 44508 | Zot:5    | Noticed an orb of fire
 44535 | Zot:5    | Gained mutation: Your magical capacity is very low. (-20%
                  | MP) [an orb of fire]
 44540 | Zot:5    | Killed an orb of fire
 44624 | Zot:5    | Noticed an orb of fire
 44639 | Zot:5    | Noticed an orb of fire
 44640 | Zot:5    | Noticed an orb of fire
 44645 | Zot:5    | Noticed a dread lich
 44693 | Zot:5    | Killed a dread lich
 44694 | Zot:5    | Reached skill level 10 in Spellcasting
 44719 | Zot:5    | Noticed an orb of fire
 44719 | Zot:5    | Noticed an orb of fire
 44722 | Zot:5    | Killed an orb of fire
 44738 | Zot:5    | Killed an orb of fire
 44741 | Zot:5    | Noticed an orb of fire
 44743 | Zot:5    | Noticed an orb of fire
 44766 | Zot:5    | Banished an orb of fire
 44774 | Zot:5    | Noticed an orb of fire
 44786 | Zot:5    | Banished an orb of fire
 44823 | Zot:5    | Got the Orb of Zot
 44857 | Zot:5    | Noticed Hin Zita the pandemonium lord
 44869 | Zot:5    | Killed Hin Zita the pandemonium lord
 45163 | Depths:2 | Paralysed by a vampire knight for 4 turns
 45171 | Depths:2 | Noticed Asterion
 45195 | Depths:1 | Noticed Ruybo the pandemonium lord
 45331 | D:11     | Noticed Uschys Lyegy the pandemonium lord
 45428 | D:7      | Noticed Detuid the pandemonium lord
 45594 | D:$      | Escaped with the Orb!

Illustrated notes

Levels and vault maps discovered:
D:1:      erik_arrival_triangle_small, layout_loops_ring
D:2:      layout_rooms, basic_altar, supply_closet_lemuel, minmay_misc_feat_rows
D:3:      layout_basic, lemuel_round_altar, uniq_terence
D:4:      layout_basic, minmay_temple_entry_butterflies, enter_ossuary_1,
          small_statue_alley_b, st_stairs_7, uniq_grinder
D:5:      layout_rooms, grunt_decor_arrowhead, chequers_garden,
          serial_bayou_pond_a, minmay_misc_feat_more_columns,
          minmay_a_box_with_orc_wizards_in_it
D:6:      layout_basic, nicolae_overflow_hidden_temple
D:7:      layout_cave_pools, mainiacjoe_overflow_alcove_4, slow_altar_1,
          uniq_crazy_yiuf_cottage, uniq_joseph
D:8:      layout_gridville, erik_lair_island, uniq_maggie, uniq_prince_ribbit1
D:9:      layout_roguey, tso_oasis_becter, nicolae_uskayaw_dance_studio,
          enter_bailey_2, grunt_potential, uniq_grum
D:10:     layout_rooms, uniq_fannar
D:11:     layout_loops_ring, gammafunk_ghost_arena, uniq_josephine
D:12:     layout_loops_corners, orc_david_3, uniq_rupert
D:13:     layout_roguey, serial_shops, nicolae_shop_tiny_waterfront
D:14:     minmay_skewed_foursquare, layout_loops_ring, david_vaults_3,
          trog_hazing_becter, uniq_snorg
D:15:     hellmonk_depths_entry_around_the_bend, layout_grid_maze,
          dreamdust_princess_corridor, grunt_dithmenos_smoke
Temple:   nicolae_temple_bog_church
Lair:1:   layout_loops_ring, grunt_megastairs_5
Lair:2:   layout_chaotic_city, minmay_swamp_entry_worms,
          alex1729_snake_entry_snake
Lair:3:   layout_regular_city
Lair:4:   layout_loops_ring, st_stairs_6, grunt_megastairs_1, uniq_nessos
Lair:5:   due_jungle_book, layout_misc_corridors, minmay_slime_entry_pillars
Swamp:1:  layout_basic_swamp, hangedman_swamp_diagram, swamp_pool_1_2,
          nicolae_swamp_feature_on_the_river_bank
Swamp:2:  layout_basic_swamp, serial_swamp_ruin, evilmike_swamp_ruin_rubble_1,
          evilmike_swamp_ruin_rubble_2, evilmike_swamp_ruin_house_1
Swamp:3:  nzn_winding_woodlands_small [nzn_winding_woodlands_5x15_default,
          nzn_winding_woodlands_center_pierced_h,
          nzn_winding_woodlands_5x15_zeroes], layout_basic_swamp,
          evilmike_swamp_ruin_house_2, swamp_pool_4, nicolae_swamp_long_stream,
          uniq_aizul
Swamp:4:  swamp_pestilence, layout_basic_swamp, swamp_pool_1_2,
          infiniplex_staircase_pool, uniq_nikola
Snake:1:  layout_onion, lemuel_fruit_tree, nicolae_triple_integral, uniq_louise
Snake:2:  layout_honeycomb, minmay_shoptagon, uniq_vashnia
Snake:3:  layout_layer_cave, ebering_ghost_rock_garden, serial_shops, shop,
          grunt_megastairs_2, uniq_mara, uniq_mlioglotl
Snake:4:  grunt_snake_rune_pools, layout_misc_corridors, serial_shops, shop,
          nicolae_shop_just_a_little_nook, nicolae_lakefront_shop, shop_coins,
          shop
Slime:1:  cheibrodos_slime_lost_civilization_1, layout_caves
Slime:2:  layout_caves
Slime:3:  layout_caves, nicolae_slime_getting_an_eyeful
Slime:4:  layout_caves
Slime:5:  slime_pit_nicolae_royal_road_to_ruin
Orc:1:    layout_caves, serial_shops, shop, shop, shop, shop,
          minmay_orc_barracks
Orc:2:    grunt_orc_community_town_hall, layout_diamond_mine,
          grunt_orc_community_big_house_1, grunt_orc_community_big_house_1,
          grunt_orc_community_house_1, grunt_orc_community_house_1,
          grunt_orc_community_house_1, grunt_orc_community_house_2,
          grunt_orc_community_house_2, nicolae_orc_lava_room
Elf:1:    minmay_elf_arrival_summoners, layout_loops_cross,
          minmay_elf_annihilation, minmay_misc_feat_cross
Elf:2:    elven_hall_of_blades_hangedman_original
          [nicolae_blade_entry_pointy_end], layout_geoelf_octagon, basic_altar,
          minmay_misc_feat_diagonals, lemuel_upstairs_altar
Elf:3:    elf_hall, layout_geoelf_diagonals, serial_shops,
          nicolae_shop_rolling_square, portal_ice_cave_entry_pillars_2,
          nicolae_danse_macabre
Vaults:1: infiniplex_enter_wizlab_spiral, v_rooms_2, vaults_mumra_chevron_long,
          nicolae_vaults_specimen_jars, dpeg_vaults_monster_row,
          nicolae_vaults_cornered_office, vaults_mumra_hexcomb,
          vaults_room_stairs_pillars, vaults_mumra_hex,
          hangedman_vaults_stretched_pinwheel, layout_vaults_omnicross,
          serial_shops, nicolae_shop_tiny_glass, nicolae_shop_waterfront,
          nicolae_shop_rolling_square, shop_fountains,
          nicolae_shop_back_alley_shop
Vaults:2: ontoclasm_vaults_spin, nicolae_vaults_tetromino_T_2,
          nicolae_vaults_network_square, nicolae_vaults_wine_cellar,
          vaults_room_pools, v_rooms_1, nicolae_vaults_asterisk,
          ontoclasm_vaults_hangar, v_misc_4, nicolae_vaults_turnstiles,
          v_misc_23, nicolae_vaults_shelves_hall, layout_vaults_ring
Vaults:3: hellmonk_guarded_unrand_gong, nicolae_vaults_apartment_1,
          minmay_crypt_entry_necro_gods, ontoclasm_vaults_twist,
          hangedman_vaults_stream, nicolae_vaults_frosty_reception,
          nicolae_vaults_shelves_hall, hangedman_vaults_impose,
          nicolae_vaults_disjoint_gnomons, hangedman_vaults_hat,
          ontoclasm_vaults_decontamination, ontoclasm_vaults_loading_screen,
          nicolae_vaults_tetromino_T_1, layout_vaults_maze_snakey
Vaults:4: nicolae_vaults_ellipses_ellipsis, v_misc_14, vaults_mumra_minichess,
          vaults_dpeg_hooks, v_misc_10, nicolae_vaults_double_plus_3,
          nicolae_vaults_network_periphery, v_alt_pattern_2,
          nicolae_vaults_shelves_hall, nicolae_vaults_rhombus_5,
          vaults_standard_mumra_enter_the_diamond, vaults_room_hallway,
          nicolae_vaults_diamond_1, layout_vaults_chaotic_city
Vaults:5
Crypt:1:  layout_rooms
Crypt:2:  gammafunk_dig_for_victory, layout_regular_city,
          nicolae_crypt_skullbonk, nicolae_nh_vlads_tower
Crypt:3:  david_glass_crypt, layout_rooms, nicolae_crypt_reliquary_box,
          uniq_frederick
Depths:1: layout_cave_pools, nicolae_gozag_seed_capital,
          gammafunk_ghost_cemetery, grunt_hell_entry_dis_grunt,
          nicolae_shop_i_like_big_books, nicolae_blasting_shop,
          solitary_fountain, grunt_ministairs_5, minmay_tree_intersection,
          st_stairs_3, ashenzari_conservatory_becter
Depths:2: minmay_blocking_statues, layout_cave_shapes, hell_entry, pan_entry,
          infiniplex_staircase_hallway_doors, dk_noncrumbling_4, uniq_asterion,
          uniq_josephina, uniq_bai_suzhen, uniq_saint_roka
Depths:3: minmay_the_grid_triangle_9x9_recursive_2
          [minmay_the_grid_triangle_9x9_prize_schism,
          minmay_the_grid_triangle_9x9_zippers_horizontal,
          minmay_the_grid_triangle_9x9_pentomino_pain,
          minmay_the_grid_triangle_9x9_impossible_snake], layout_honeycomb,
          enter_ziggurat_b, abyss_entry, hell_entry, hangedman_aviary,
          infiniplex_staircase_river
Depths:4: evilmike_zot_entry_hall, layout_basic, pan_entry, abyss_entry,
          nicolae_eternal_life, pf_coc_iceberg, fedhas_altar_3
Zot:1:    grunt_twist_and_shout, layout_cathedral_of_symmetry,
          regret_index_zotdec_demonic_mixed, lemuel_baited_zot_trap,
          nicolae_transmutations_shop
Zot:2:    layout_cathedral_of_symmetry, uniq_grunn
Zot:3:    regret_index_zot_pan_timeshare, layout_misc_corridors
Zot:4:    layout_twisted_circle, regret_index_zotdec_icy_dp
Zot:5:    layout_twisted_circle

Skill      XL: |  1  2  3  4  5  6  7  8  9 10 11 12 13 14 15 16 17 18 19 20 21 22 23 24 25 26 |
---------------+-------------------------------------------------------------------------------+-----
Shields        | 4 5 6 7 8 11 14 16 17 | 17.4
Fighting       | 4 5 6 7 9 11 12 14 15 17 19 20 22 23 25 27 | 27.0
Maces & Flails | 3 4 5 6 7 9 12 13 | 13.3
Armour         | 7 8 9 12 14 16 20 22 24 25 27 | 27.0
Dodging        | 5 6 7 10 13 15 16 18 20 21 | 21.9
Axes           | 4 9 14 19 | 19.3
Ice Magic      | 2 8 11 12 | 12.5
Evocations     | 4 8 11 13 | 13.2
Spellcasting   | 3 6 9 10 | 10.3
Conjurations   | 4 8 |  8.5
Translocations | 4 8 |  8.5

Action                     |  1- 3 |  4- 6 |  7- 9 | 10-12 | 13-15 | 16-18 | 19-21 | 22-24 | 25-27 || total
---------------------------+-------+-------+-------+-------+-------+-------+-------+-------+-------++-------
  Melee: Flail             |    35 |       |       |       |       |       |       |       |       ||    35
         Whip              |    30 |    81 |   372 |   677 |   100 |       |       |       |       ||  1260
         Headbutt          |     4 |    10 |    69 |   175 |   213 |   247 |   418 |   644 |   411 ||  2191
         War axe           |       |       |       |    76 |   684 |   922 |  1047 |       |       ||  2729
         Eveningstar       |       |       |       |       |     8 |    16 |       |       |       ||    24
         Lance             |       |       |       |       |       |       |   210 |  2286 |  1248 ||  3744
  Throw: Dart              |       |     1 |     2 |     3 |     3 |       |     1 |       |     1 ||    11
         Throwing net      |       |       |     2 |       |       |       |       |       |       ||     2
 Invoke: Call Merchant     |       |       |     1 |     1 |     1 |       |       |     2 |     2 ||     7
         Potion Petition   |       |       |       |       |       |     2 |     4 |     4 |     4 ||    14
         Bribe Branch      |       |       |       |       |       |       |       |       |     2 ||     2
  Evoke: Wand              |       |     4 |     6 |    10 |     8 |       |     7 |     5 |     4 ||    44
         Phantom mirror    |       |       |       |       |       |       |       |       |     1 ||     1
         Condenser vane    |       |       |       |       |       |       |       |       |     1 ||     1
    Use: Scroll            |     4 |     3 |    12 |    10 |    14 |     8 |    12 |    11 |    15 ||    89
         Potion            |     1 |     1 |     4 |     6 |     4 |     5 |    15 |     3 |     9 ||    48
   Stab: Distracted        |       |       |     1 |     3 |     6 |    13 |     9 |    13 |     6 ||    51
         Invisible         |       |       |       |       |     2 |     2 |     5 |       |     3 ||    12
         Paralysed         |       |       |       |       |     4 |       |       |       |       ||     4
 Armour: Scale mail        |    45 |    33 |   197 |   238 |   184 |   293 |   347 |   447 |   443 ||  2227
  Dodge: Dodged            |    26 |    29 |   111 |   150 |   216 |   293 |   262 |   347 |   299 ||  1733
  Block: Buckler           |    15 |    11 |    80 |    42 |       |       |       |       |       ||   148
         Kite shield       |       |       |       |   231 |   586 |   769 |   805 |  1077 |   650 ||  4118
         Reflection        |       |       |       |       |     2 |    74 |    42 |    89 |    18 ||   225

Table legend: (Time is in decaauts)
 A = Elapsed time spent in this place.
 B = Non-inter-level travel time spent in this place.
 C = Inter-level travel time spent in this place.
 D = Time resting spent in this place.
 E = Time spent auto-exploring this place.
 F = Levels seen in this place.
 G = Mean time per level.
                   A        B        C        D        E       F      G
               +--------+--------+--------+--------+--------+-----+--------+
         Total |  42795 |  39328 |   3467 |    910 |  19835 |  66 |  648.4 |
       Dungeon |  12951 |  11227 |   1724 |    225 |   7537 |  15 |  863.4 |
        Temple |     28 |     22 |      6 |      0 |      0 |   1 |   28.0 |
          Lair |   4566 |   4077 |    489 |    200 |   2943 |   5 |  913.2 |
         Swamp |   2610 |   2534 |     76 |     33 |   1704 |   4 |  652.5 |
     Snake Pit |   3414 |   3290 |    124 |     21 |   2313 |   4 |  853.5 |
    Slime Pits |    778 |    701 |     77 |     12 |     30 |   5 |  155.6 |
  Orcish Mines |   2019 |   1743 |    276 |      0 |   1392 |   2 | 1009.5 |
   Elven Halls |   1307 |   1307 |      0 |     20 |     20 |   3 |  435.7 |
        Vaults |   3857 |   3566 |    291 |    111 |    464 |   5 |  771.4 |
         Crypt |   2522 |   2461 |     61 |    248 |    614 |   3 |  840.7 |
        Depths |   1189 |    963 |    226 |      5 |     76 |   4 |  297.2 |
           Zot |   2346 |   2234 |    112 |     11 |   1113 |   5 |  469.2 |
         Abyss |   2986 |   2986 |      0 |     15 |    419 |   6 |  497.7 |
       Ossuary |    404 |    404 |      0 |      0 |    265 |   1 |  404.0 |
        Bailey |    199 |    199 |      0 |      0 |     54 |   1 |  199.0 |
      Ice Cave |    339 |    339 |      0 |      0 |    128 |   1 |  339.0 |
        Wizlab |   1274 |   1274 |      0 |      4 |    763 |   1 | 1274.0 |
               +--------+--------+--------+--------+--------+-----+--------+

Top non-repeatable levels by time:
    D:15: 1566 daAuts
   Orc:2: 1400 daAuts
 Abyss:1: 1287 daAuts
  WizLab: 1274 daAuts
Vaults:5: 1264 daAuts
 Crypt:2: 1183 daAuts
    D:14: 1150 daAuts
    D:12: 1117 daAuts
Vaults:4: 1114 daAuts
 Abyss:4: 1052 daAuts
  Lair:5: 1047 daAuts
     D:9: 1039 daAuts
 Snake:4: 1025 daAuts
    D:13: 1006 daAuts
  Lair:2: 976 daAuts
